Map: 2000 Atmospheres LE

Players

NostrA - Winner!

  • Race: Zerg Zerg
  • League: Master

Jaedolph

  • Race: Terran Terran
  • League: Master

VOD

Have the link to the VOD?

Description

Time

  • Played on: Sept. 25, 2021, 4:29 a.m.
  • Length: 24:45
Show
View Real Time Build Order
Export as new Build Order

NostrA Zerg - Winner!

Build Orders: Hatch First 

Get SALT Encoding   

  12  0:00  Drone  
  13  0:12  Overlord  
  13  0:16  Drone  
  14  0:31  Drone x2  
  16  0:48  Hatchery  
  15  0:50  Drone  
  15  0:54  Drone  
  17  0:59  Drone  
  18  1:09  Extractor  
  17  1:13  Spawning Pool  
  17  1:15  Drone  
  17  1:18  Drone  
  18  1:28  Drone  
  19  1:38  Drone  
  20  1:48  Overlord  
  20  2:00  Queen x2  
  24  2:01  Zergling x4  
  26  2:10  Drone x2  
  28  2:31  Metabolic Boost  
  28  2:32  Hatchery  
  28  2:36  Drone x2  
  30  2:37  Drone  
  30  2:46  Queen  
  30  2:48  Overlord  
  30  2:51  Drone  
  33  2:55  Drone  
  33  2:56  Drone  
  35  3:03  Drone  
  36  3:06  Overlord  
  36  3:07  Drone  
  37  3:13  Drone x2  
  37  3:19  Drone  
  40  3:22  Queen  
  40  3:23  Drone x2  
  44  3:31  Overlord  
  44  3:33  Drone  
  44  3:44  Drone  
  44  3:45  Drone x2  
  44  3:47  Queen  
  49  3:49  Drone x4  
  49  3:52  Lair  
  49  3:53  Extractor  
  52  3:58  Drone x3  
  52  3:59  Drone  
  56  4:06  Zergling x2  
  56  4:07  Zergling x4  
  59  4:14  Drone x2  
  59  4:15  Baneling Nest  
  59  4:16  Evolution Chamber  
  59  4:19  Drone x4  
  59  4:23  Drone  
  64  4:24  Overlord  
  64  4:27  Overlord  
  64  4:32  Drone  
  64  4:33  Drone  
  66  4:44  Queen  
  66  4:45  Drone x6  
  74  4:48  Overlord x2  
  74  4:54  Zerg Ground Armor Level 1  
  74  5:06  Drone  
  75  5:08  Drone x2  
  75  5:09  Drone  
  75  5:11  Spore Crawler  
  74  5:16  Spore Crawler, Drone  
  72  5:22  Queen  
  72  5:23  Queen  
  72  5:26  Drone x2  
  72  5:27  Drone x8  
  84  5:39  Drone x2  
  84  5:40  Drone  
  84  5:41  Centrifical Hooks  
  87  5:46  Drone  
  87  5:47  Drone  
  87  5:54  Drone x3, Overlord  
  87  5:55  Overlord  
  90  6:03  Extractor  
  89  6:04  Extractor  
  89  6:10  Zergling x4  
  90  6:11  Overseer  
  90  6:14  Zergling x2  
  90  6:15  Zergling x8  
  90  6:17  Hatchery  
  94  6:27  Drone  
  94  6:28  Drone  
  94  6:32  Zergling x8, Hatchery  
  99  6:33  Zergling x4  
  99  6:37  Drone  
  99  6:39  Zergling x2, Evolution Chamber  
  106  6:40  Zergling x8  
  106  6:45  Infestation Pit  
  105  6:47  Overlord  
  105  6:48  Overlord  
  105  6:50  Pneumatized Carapace  
  105  7:01  Spore Crawler  
  105  7:02  Overlord x3  
  105  7:03  Overlord  
  104  7:10  Zergling x12  
  104  7:11  Zergling x4  
  104  7:12  Baneling x5  
  104  7:13  Baneling x11  
  112  7:19  Baneling  
  112  7:20  Baneling x2  
  112  7:21  Zergling x6  
  115  7:25  Zergling x4  
  115  7:26  Zergling x2  
  98  7:39  Zergling x10  
  98  7:44  Drone x3  
  102  7:47  Hive  
  102  7:48  Zerg Melee Weapons Level 1  
  102  7:50  Drone x2  
  102  7:51  Drone  
  107  7:53  Drone x2  
  102  8:05  Zergling x2  
  102  8:06  Zergling x8  
  102  8:09  Zergling x2  
  102  8:12  Zergling x4  
  109  8:20  Zergling x8  
  109  8:21  Zergling x10  
  109  8:25  Zergling x6  
  121  8:35  Zerg Ground Armor Level 2  
  121  8:36  Zergling x10  
  126  8:47  Baneling x7  
  126  8:48  Baneling x7  
  126  8:49  Zergling x14  
  126  8:50  Zergling x12  
  126  8:55  Hatchery  
  138  8:58  Zergling x6  
  138  9:02  Baneling  
  140  9:03  Baneling x11  
  140  9:04  Baneling  
  140  9:09  Zergling x10  
  146  9:10  Zergling x6  
  133  9:17  Spore Crawler  
  133  9:21  Zergling x2  
  133  9:22  Zergling x20  
  139  9:26  Zergling x4, Hatchery  
  138  9:33  Ultralisk Cavern  
  138  9:38  Drone x3  
  140  9:39  Drone x3  
  140  9:41  Extractor x2  
  140  9:44  Adrenal Glands  
  140  9:45  Zergling x20  
  149  9:48  Zergling x2  
  149  9:51  Zergling x2  
  151  9:53  Spore Crawler  
  151  9:56  Zergling x4  
  152  10:00  Zergling x4  
  152  10:03  Overlord x2  
  152  10:04  Overlord x2  
  152  10:05  Overlord x2  
  152  10:16  Baneling  
  152  10:17  Baneling x14  
  108  10:30  Zergling x22  
  108  10:31  Zergling x6  
  119  10:37  Baneling x8  
  119  10:38  Zergling x2  
  119  10:39  Zergling x10  
  125  10:45  Chitinous Plating  
  125  10:52  Drone x3  
  125  10:53  Drone x5  
  125  10:56  Extractor x2  
  104  11:06  Zergling x12  
  104  11:07  Zergling x10  
  104  11:10  Baneling  
  104  11:11  Baneling x5  
  111  11:12  Zergling x2  
  111  11:13  Zergling x6, Zerg Melee Weapons Level 2  
  111  11:16  Drone  
  111  11:17  Drone x2  
  111  11:18  Spore Crawler, Zergling x8  
  120  11:25  Zerg Ground Armor Level 3  
  121  11:28  Zergling x6  
  121  11:29  Zergling x4  
  121  11:31  Ultralisk  
  121  11:32  Zergling x2  
  133  11:33  Zergling x10  
  133  11:34  Baneling  
  133  11:35  Baneling x2  
  133  11:37  Zergling x2  
  139  11:43  Zergling x8  
  139  11:46  Baneling  
  143  11:47  Baneling x4  
  143  11:49  Zergling x2  
  144  11:54  Baneling  
  144  11:55  Baneling x3  
  144  11:57  Zergling x2  
  144  11:58  Zergling x12  
  149  12:04  Anabolic Synthesis  
  149  12:05  Zergling x10  
  149  12:06  Zergling x8  
  151  12:10  Baneling x6  
  151  12:11  Zergling x2, Baneling x3  
  151  12:12  Zergling x8  
  156  12:16  Drone x2  
  156  12:21  Zergling x4  
  156  12:22  Zergling x2  
  141  12:33  Baneling x6  
  141  12:34  Zergling x18  
  141  12:35  Zergling x2  
  138  12:41  Ultralisk x3  
  138  12:44  Zergling x8  
  157  12:51  Viper x2  
  148  13:06  Zergling x8  
  148  13:07  Hatchery  
  148  13:12  Hatchery  
  150  13:18  Ultralisk  
  146  13:27  Drone, Hydralisk Den  
  146  13:28  Drone x2  
  146  13:29  Zergling x2  
  146  13:30  Zergling x6  
  152  13:39  Zergling x2  
  152  13:40  Zergling x10  
  158  13:44  Extractor  
  158  13:46  Extractor, Zergling x10  
  161  13:51  Zergling x2  
  161  13:52  Zergling x6  
  164  14:05  Muscular Augments, Hydralisk  
  164  14:06  Spire  
  163  14:19  Baneling x12  
  163  14:21  Zergling x12  
  169  14:30  Zergling x2  
  169  14:31  Zergling x16  
  162  14:46  Zergling x2  
  162  14:47  Zergling x24  
  162  14:48  Drone x4  
  170  14:54  Baneling  
  170  14:55  Baneling x10  
  170  14:57  Zergling x4  
  170  14:58  Zergling x4  
  173  15:03  Queen  
  175  15:10  Zergling x8  
  179  15:16  Grooved Spines, Hatchery  
  179  15:19  Zergling x4  
  179  15:20  Zergling x14  
  184  15:29  Baneling x3  
  184  15:30  Baneling x3  
  183  15:39  Lurker Den  
  183  15:40  Pathogen Glands  
  160  15:58  Zergling x12  
  160  15:59  Hydralisk, Zergling x10  
  160  16:00  Hydralisk x9  
  167  16:19  Zergling x2  
  167  16:20  Zergling x14  
  167  16:23  Ultralisk x2  
  184  16:29  Zergling x2  
  184  16:30  Zergling x6  
  188  16:34  Hatchery  
  188  16:35  Zerg Melee Weapons Level 3  
  187  16:51  Unknown  
  186  16:57  Ultralisk x2  
  181  17:18  Extractor  
  181  17:22  Zergling x2  
  170  17:23  Zergling x38  
  170  17:24  Zergling x6  
  170  17:28  Zergling x2  
  170  17:29  Zergling x14  
  187  17:34  Drone  
  187  17:39  Zergling x2  
  187  17:40  Zergling x10  
  193  17:46  Baneling x5  
  193  17:47  Baneling x7  
  193  17:50  Zergling x10  
  198  17:58  Spore Crawler  
  197  18:02  Zergling x4  
  199  18:05  Hatchery  
  199  18:08  Zerg Flyer Weapons Level 1  
  199  18:12  Drone  
  199  18:15  Hatchery  
  198  18:23  Overseer x2  
  195  18:36  Seismic Spines  
  189  18:50  Lurker x3  
  189  18:51  Lurker x3  
  195  19:02  Baneling x2  
  192  19:03  Baneling x12  
  192  19:12  Zerg Missile Weapons Level 1  
  163  19:28  Zergling x2  
  163  19:29  Zergling x34  
  163  19:30  Ultralisk x2  
  190  19:33  Adaptive Talons  
  174  19:43  Zergling x16  
  174  19:44  Zergling x4  
  169  19:58  Drone x2  
  169  19:59  Drone x6  
  172  20:15  Drone  
  172  20:16  Drone x2  
  172  20:17  Zergling x6  
  172  20:18  Zergling x28  
  184  20:21  Lurker  
  185  20:30  Drone  
  185  20:31  Drone x4  
  180  20:54  Spore Crawler  
  179  20:59  Corruptor x5  
  189  21:09  Zergling x2  
  189  21:10  Zergling x12  
  187  21:36  Hatchery  
  164  21:41  Corruptor x2  
  164  21:42  Corruptor x2  
  164  21:44  Greater Spire  
  165  21:49  Extractor x2  
  165  21:53  Zergling x4  
  165  21:54  Zergling x18  
  135  22:10  Extractor  
  135  22:12  Extractor  
  135  22:14  Spore Crawler, Hydralisk x3  
  135  22:15  Hydralisk  
  140  22:22  Zergling x22  
  150  22:23  Drone  
  151  22:36  Baneling x11  
  151  22:42  Drone x2  
  151  22:43  Drone  
  142  22:54  Zergling x2  
  142  22:55  Zergling x26  
  137  23:08  Zergling x2  
  137  23:09  Zergling x20  
  147  23:23  Hydralisk  
  147  23:24  Hydralisk x5  
  147  23:26  Baneling x3  
  147  23:27  Baneling  
  157  23:33  Drone x4  
  161  23:56  Ultralisk x2  
  173  24:05  Spine Crawler  
  169  24:10  Drone x3  
  172  24:18  Baneling x17  
  172  24:23  Baneling x13  
  172  24:25  Zergling x8  
  172  24:26  Zergling x8  
Show
View Real Time Build Order
Export as new Build Order

Jaedolph Terran 

Build Orders: Liberator Opening, Reaper Expand 

Get SALT Encoding   

  12  0:00  SCV  
  13  0:12  SCV  
  14  0:17  Supply Depot  
  14  0:24  SCV  
  15  0:38  SCV  
  15  0:41  Barracks  
  16  0:46  Refinery  
  16  0:50  SCV  
  17  1:03  SCV  
  18  1:15  SCV  
  19  1:28  Orbital Command  
  19  1:33  Reaper  
  20  1:41  Command Center  
  20  1:50  Supply Depot  
  20  1:54  SCV  
  21  2:05  Marine  
  22  2:14  Factory  
  22  2:15  SCV  
  23  2:17  Refinery  
  23  2:27  SCV  
  24  2:35  Barracks Reactor  
  24  2:39  SCV  
  25  2:51  SCV  
  25  2:56  Orbital Command  
  26  3:04  SCV  
  27  3:07  Starport  
  27  3:16  Hellion, SCV  
  27  3:17  Hellion  
  27  3:19  Barracks Tech Lab  
  32  3:21  SCV  
  32  3:22  Supply Depot  
  33  3:28  SCV  
  34  3:36  SCV  
  34  3:37  Hellion  
  34  3:39  Hellion  
  34  3:41  SCV  
  40  3:44  Liberator  
  43  3:51  Stimpack  
  43  3:52  SCV  
  43  3:53  SCV  
  45  3:58  Supply Depot  
  45  3:59  Hellion  
  45  4:00  Hellion  
  49  4:04  SCV  
  49  4:08  SCV  
  50  4:16  Command Center, SCV  
  51  4:20  SCV  
  52  4:28  SCV  
  52  4:29  Starport Reactor, Barracks  
  53  4:32  Factory Tech Lab, SCV  
  54  4:39  Barracks  
  54  4:40  SCV  
  54  4:42  Supply Depot  
  54  4:44  SCV  
  56  4:47  Engineering Bay  
  56  4:52  Engineering Bay  
  56  4:53  Refinery, SCV  
  56  4:55  Refinery  
  56  4:58  Siege Tank, SCV  
  61  5:05  Supply Depot  
  61  5:12  SCV  
  61  5:13  SCV  
  63  5:15  Marine  
  62  5:25  SCV x2  
  64  5:30  Orbital Command  
  64  5:31  Terran Infantry Armor Level 1, Terran Infantry Weapons Level 1  
  64  5:36  Marine x2  
  64  5:37  SCV  
  64  5:38  Siege Tank, SCV  
  64  5:39  Supply Depot  
  71  5:45  Starport Reactor  
  71  5:47  Marine x3  
  71  5:49  Supply Depot, SCV  
  72  5:51  Combat Shield  
  72  5:52  SCV  
  72  5:54  Orbital Command, Marine x2  
  75  6:01  SCV  
  76  6:05  Supply Depot, Marine x3  
  76  6:06  Supply Depot  
  76  6:07  SCV  
  80  6:14  Armory  
  80  6:15  Marine x2  
  82  6:19  SCV  
  82  6:20  SCV  
  82  6:21  Medivac x2, SCV  
  82  6:23  Marine x2  
  91  6:28  Marine  
  91  6:31  SCV  
  91  6:32  SCV  
  94  6:33  Marine x2, SCV  
  97  6:40  Marine  
  97  6:42  Supply Depot  
  97  6:43  SCV  
  97  6:44  Supply Depot, SCV  
  97  6:45  SCV  
  101  6:51  Marine x2, Medivac x2  
  107  6:56  SCV  
  107  6:58  SCV x2  
  107  7:00  Supply Depot  
  107  7:01  Marine x3  
  113  7:02  Siege Tank  
  113  7:08  Marine x2, SCV  
  117  7:10  Supply Depot, SCV  
  117  7:14  Barracks  
  117  7:15  Barracks  
  120  7:18  Marine  
  120  7:21  Marine x2  
  123  7:26  Marine x2  
  124  7:36  Marine  
  107  7:38  Siege Tank  
  107  7:39  Marine x2  
  107  7:44  Marine, SCV  
  105  7:46  Marine  
  105  7:47  Refinery  
  105  7:48  Medivac x2  
  111  7:52  Command Center, SCV  
  111  7:53  Terran Infantry Weapons Level 2, Barracks  
  111  7:54  Terran Infantry Armor Level 2, Barracks x2  
  111  7:57  Marauder  
  114  8:06  Marine x3  
  114  8:07  Barracks Reactor x2  
  114  8:08  Marine, SCV  
  114  8:09  SCV x2  
  121  8:19  Marine  
  122  8:20  Medivac  
  122  8:24  Siege Tank, Marine x3  
  130  8:39  Marine x2  
  130  8:40  SCV x2  
  134  8:41  Marine  
  134  8:42  Marine x2, SCV  
  134  8:46  Supply Depot, Marine x4  
  134  8:48  Terran Vehicle Weapons Level 1  
  142  8:50  Marine x3  
  142  8:52  SCV  
  146  8:56  Medivac x2, Marine x2  
  146  8:59  Marine x3  
  155  9:03  Marine  
  155  9:04  Marine x3  
  155  9:07  Marine  
  155  9:08  Marine x2  
  162  9:14  Marine  
  157  9:20  Marine x4  
  157  9:21  Marine x2  
  157  9:22  Siege Tank, Marine x2  
  166  9:32  Supply Depot x2  
  166  9:35  Marine  
  166  9:38  Supply Depot, Barracks Tech Lab x3  
  167  9:39  Supply Depot  
  167  9:44  Marine x2  
  167  9:45  Refinery, Marine x5  
  167  9:48  Marine  
  171  9:53  Marine  
  171  9:55  Factory  
  171  9:59  Marine x2  
  173  10:00  Marine  
  173  10:01  Siege Tank, Medivac x2  
  173  10:02  Marine x3  
  173  10:03  Marine x4, Planetary Fortress  
  173  10:06  Marine  
  188  10:27  Marine x12  
  163  10:31  Medivac  
  161  10:45  Marine x5  
  161  10:46  Marauder x4, Marine x3  
  177  10:52  Siege Tank  
  177  10:53  Command Center  
  177  10:54  Liberator, Factory  
  177  10:55  Factory  
  163  11:02  Marine  
  163  11:03  Marine x3  
  165  11:07  Marauder x2  
  165  11:09  Marine x2  
  169  11:14  Marine  
  169  11:15  Marauder x2, Marine  
  169  11:17  Terran Infantry Weapons Level 3  
  175  11:20  Marine, Terran Infantry Armor Level 3  
  175  11:21  Marine  
  175  11:22  Terran Vehicle Weapons Level 2  
  174  11:29  Marauder x2  
  178  11:36  Marauder x2, Marine x2  
  178  11:38  Marine  
  185  11:42  Marine x3  
  188  11:49  Marine x2  
  188  11:50  Marauder x2  
  194  11:54  Marine x2  
  194  11:55  Marine  
  194  11:58  Marauder  
  194  12:00  Marine x2  
  200  12:07  Marine x4  
  181  12:35  Marauder x3, Marine x3  
  181  12:36  Factory Tech Lab  
  187  12:37  Factory Tech Lab  
  180  12:59  Marauder x4  
  180  13:01  Siege Tank x2  
  180  13:02  Factory Tech Lab  
  180  13:03  Marine x3  
  180  13:04  Marine x3  
  199  13:13  Planetary Fortress  
  199  13:15  Refinery  
  199  13:18  Command Center  
  199  13:23  Ghost Academy  
  199  13:25  Ghost Academy  
  199  13:26  Missile Turret  
  196  13:27  Ghost Academy  
  196  13:28  Sensor Tower  
  196  13:33  Siege Tank  
  199  14:07  Personal Cloaking, Nuke x2  
  199  14:10  Terran Vehicle Weapons Level 3  
  181  14:50  Marine x2  
  183  14:54  Planetary Fortress  
  183  14:58  Sensor Tower  
  176  15:04  Marine  
  176  15:05  Marine x3  
  180  15:17  Unknown x2  
  180  15:18  Marauder x2, Unknown x2  
  186  15:31  Liberator x2  
  194  15:41  Drilling Claws, Widow Mine  
  200  15:46  Unknown  
  188  16:00  Unknown  
  186  16:07  Unknown x2  
  163  16:21  Marauder x4  
  169  16:40  Marine  
  169  16:41  Marine x7  
  169  16:42  Marauder x2, Marine  
  169  16:43  Marauder  
  169  16:44  Liberator x2  
  188  17:04  Widow Mine x4  
  188  17:05  Marauder x2  
  200  17:13  Missile Turret  
  200  17:14  Missile Turret  
  164  17:25  Widow Mine  
  161  17:30  Marauder x2  
  161  17:31  Siege Tank x3  
  161  17:32  Liberator x2  
  178  17:41  Marine x2  
  178  17:42  Marine x7  
  187  17:44  Command Center, Neosteel Armor  
  187  17:45  Terran Ship Weapons Level 1  
  187  17:46  Siege Tank  
  187  17:48  Nuke, Starport  
  187  17:49  Nuke  
  187  17:50  Nuke  
  187  17:51  Marine  
  191  17:52  Starport  
  193  17:59  Unknown  
  197  18:19  Command Center  
  197  18:20  Unknown  
  197  18:39  Unknown x2  
  197  18:47  Siege Tank x2  
  183  19:33  Marine  
  167  19:46  Marauder x3, Marine x3  
  167  19:47  Marauder  
  178  19:55  Medivac  
  178  19:56  Medivac  
  174  20:01  Orbital Command  
  150  20:25  Medivac  
  157  20:47  Reaper  
  154  20:52  Unknown x3  
  154  20:54  Marauder, Marine  
  154  20:56  Marine x4  
  161  21:07  Refinery  
  161  21:08  Refinery  
  161  21:09  Marine x3  
  161  21:10  Marine x2  
  166  21:12  Marine  
  166  21:13  Marine  
  166  21:14  Marine x3  
  166  21:16  Marauder  
  173  21:18  Marine  
  163  21:49  Marine  
  163  21:50  Marine  
  122  21:59  Marauder x2  
  122  22:00  Marauder x2, Marine x4  
  104  22:10  Orbital Command  
  104  22:19  Refinery  
  104  22:27  Marauder x3  
  110  22:36  Marine x9  
  119  22:48  Marine x3  
  118  22:53  Marine  
  118  22:54  Marine x8  
  105  23:06  Marine x3  
  105  23:10  Medivac  
  105  23:11  Marine x2  
  105  23:12  Marine x7  
  119  23:18  Orbital Command  
  113  23:23  Marine  
  113  23:24  Marine x2  
  116  23:29  Marine  
  117  23:36  Starport Reactor  
  117  23:53  Supply Depot  
  117  23:54  Supply Depot  
  117  24:01  Refinery  
  117  24:02  Refinery  
  117  24:14  Marine x4, Medivac x2  
  117  24:15  Marine x7  
  132  24:17  Marine  
Tags
 
Add a new tag
Caveats
  • Supply blocks, unpowered buildings, or Contaminate may cause inaccurate times.
  • Supply counts are checked every 10 seconds.